 Seeded DCSS version 0.29-a0-409-gd843f3a48c (webtiles) character file.

Game seed: 17930253926559947122 (custom seed)

970 zeratav the Digger (level 8, 0/46 HPs)
             Began as an Octopode Earth Elementalist on May 14, 2022.
             Splashed by a jelly's acid (8 damage)
             ... on level 5 of the Dungeon.
             The game lasted 00:06:36 (5164 turns).

zeratav the Digger (Octopode Earth Elementalist)    Turns: 5164, Time: 00:06:36

Health: 0/46       AC: -11   Str:  7    XL:     8   Next: 16%
Magic:  15/15      EV: 13    Int: 19    God:
Gold:   217        SH:  0    Dex: 13    Spells: 13/17 levels left

rFire   . . .      SeeInvis .   o - +2 whip (elec) {mace}
rCold   . . .      Faith    .   (no shield)
rNeg    . . .      Spirit   .   (helmet restricted)
rPois   .          Reflect  .   h - amulet of the acrobat
rElec   .          Harm     .   u - ring of wizardry
rCorr   .          Rampage  .   x - ring of wizardry
Will    .....                   (no ring)
Stlth   +++.......              (no ring)
HPRegen 0.15/turn               (no ring)
MPRegen 0.14/turn               (no ring)
                                (no ring)
                                (no ring)

@: corroded
A: almost no armour, amphibious, 8 rings, camouflage 1, gelatinous body 1,
(nimble swimmer 1), tentacles
a: no special abilities


You were on level 5 of the Dungeon.
You visited 2 branches of the dungeon, and saw 6 of its levels.

You collected 217 gold pieces.


Innate Abilities, Weirdness & Mutations

You cannot wear most types of armour.
You are amphibious.
You can wear up to eight rings at the same time.
Your skin changes colour to match your surroundings (Stealth+).
Your rubbery body absorbs attacks. (AC +1, EV +1)
((You are camouflaged when in or above water. (Stealth+)))
You have tentacles for arms and can constrict up to eight enemies at once.


   Skills:
 - Level 2.0 Dodging
 - Level 2.6 Stealth
 + Level 5.1 Spellcasting
 + Level 4.0 Transmutations
 - Level 7.0 Earth Magic


You had 13 spell levels left.
You knew the following spells:

 Your Spells              Type           Power      Damage    Failure   Level
a - Sandblast             Erth           62%        2d14      1%          1
b - Stone Arrow           Conj/Erth      36%        3d9       2%          3

Your spell library contained the following spells:

 Spells                   Type           Power      Damage    Failure   Level
 Passwall                 Tmut/Erth      20%        N/A       1%          2
 Animate Skeleton         Necr           8%         N/A       3%          1
 Pain                     Necr           16%        1d4       3%          1
 Petrify                  Tmut/Erth      25%        N/A       3%          4
 Vampiric Draining        Necr           4%         2d6       11%         3
 Ice Form                 Ice/Tmut       12%        N/A       14%         4
 Hailstorm                Conj/Ice       4%         3d4       30%         4
 Excruciating Wounds      Necr           2%         N/A       61%         5
 Simulacrum               Ice/Necr       2%         N/A       98%         6
 Death's Door             Necr           2%         N/A       100%        9

Inventory:

Hand Weapons
 o - a +2 whip of electrocution (weapon) {mace}
   (You took it off a gnoll on level 2 of the Dungeon)
Missiles
 a - 216 stones {throwing}
Jewellery
 h - an amulet of the acrobat (around mantle)
   (You found it on level 1 of the Dungeon)
 u - a ring of wizardry (left tentacle)
   (You found it on level 3 of the Dungeon)
 x - a ring of wizardry (right tentacle)
   (You found it on level 3 of the Dungeon)
Wands
 v - a wand of flame (10)
   (You found it on level 3 of the Dungeon)
Scrolls
 d - a scroll of enchant weapon {unknown}
 f - a scroll of noise {unknown}
 g - a scroll of enchant armour {unknown}
 i - 2 scrolls of brand weapon {unknown}
 m - 5 scrolls of identify {unknown}
 n - a scroll of summoning {unknown}
 s - a scroll of immolation {unknown}
 w - a scroll of vulnerability {unknown}
 y - 3 scrolls of amnesia {unknown}
 A - a scroll of teleportation {unknown}
Potions
 b - a potion of magic
 c - 5 potions of curing {unknown}
 e - a potion of lignification {unknown}
 j - 2 potions of berserk rage {unknown}
 k - 5 potions of brilliance {unknown}
 l - 2 potions of flight {unknown}
 p - 2 potions of mutation {unknown}
 q - 3 potions of cancellation {unknown}
 r - 5 potions of attraction {unknown}
 t - a potion of invisibility {unknown}
 z - a potion of resistance {unknown}

Dungeon Overview and Level Annotations

Branches:
Dungeon (5/15)             Temple (1/1) D:5

Altars:
Ashenzari
Cheibriados
Elyvilon
Fedhas
Kikubaaqudgha
Okawaru
Ru
Sif Muna
Xom
Yredelemnul
Zin

Shops:
D:2

= #.#
#.#
#.#
#.#
#.#
#.#
#.####
#....#
####@#
#J#
#.#
#.#
#.#
#.#
#.#
#.#


You could see a jelly.


Message History

You have reached level 8!
HP[+3] MP[-3]
You now have 46 max hp (+5).
You regained 3 hp, and now have 27/46 hp.
You lost 3 mp, and now have 5/15 mp.
You start resting.
HP[+10] MP[+10]
You regained 10 hp, and now have 37/46 hp.
Your mp is fully restored (15).
You start resting.
HP[+9]
Your hp is fully restored (46).
Things that are here:
a +1 morningstar of venom {mace}; a +0 robe A wight comes into view.
It is wielding a +0 short sword.
The blast of sand hits the wight!
MP[-1]
You lost 1 mp, and now have 14/15 mp.
The blast of sand hits the wight!
You destroy the wight!
Your Spellcasting skill increases to level 5!
MP[-1]
You lost 1 mp, and now have 13/15 mp.
A wight comes into view. It is wielding a +4 hand axe.
Things that are here:
a +0 short sword {short}; a +0 robe; MP[+2]
Your mp is fully restored (15).
The blast of sand hits the wight.
MP[-1]
You lost 1 mp, and now have 14/15 mp.
The blast of sand hits the wight.
MP[-1]
You lost 1 mp, and now have 13/15 mp.
The blast of sand hits the wight.
The wight barely misses you.
MP[-1]
You lost 1 mp, and now have 12/15 mp.
The blast of sand hits the wight.
You destroy the wight!
MP[-1]
You lost 1 mp, and now have 11/15 mp.
Things that are here:
a +4 hand axe {axe}; a +0 robe; MP[+4]
Your mp is fully restored (15).
You see here a +0 short sword {short}.
A hound comes into view.
A hound is nearby!
The helpless hound fails to defend itself.
You hit the hound. Your grab misses the hound. You squeeze the hound.
The hound misses you. The hound closely misses you.
You closely miss the hound. You grab the hound. You constrict the hound.
The hound bites you. x2
HP[-3]
You take 3 damage, and now have 43/46 hp.
You hit the hound. You constrict the hound. The hound barely misses you.
You hit the hound.
You kill the hound!
Your Transmutations skill increases to level 4!
No target in view!
No target in view!
No target in view!
No target in view!
No target in view!
No target in view!
No target in view!
c - 5 metallic brown potions (gained 1)
A vampire comes into view.
HP[+3]
Your hp is fully restored (46).
A vampire is nearby!
Found an escape hatch in the floor.
There is an escape hatch in the floor here.
Found a stone staircase leading down.
You now have 217 gold pieces (gained 10).
There is a stone staircase leading down here.
m - 5 scrolls labelled BOWEDYRASO (gained 1)
p - 2 sapphire potions (gained 1)
Found a stone staircase leading up.
There is a stone staircase leading up here.
A jelly comes into view.
The helpless jelly fails to defend itself.
You hit the jelly. The acid corrodes you!
Your tentacles burn!
You squeeze the jelly, but do no damage.
The jelly closely misses you. The jelly hits you. The acid corrodes you!
You are splashed with acid!
HP[-13]
You take 13 damage, and now have 33/46 hp.
MASSIVE DAMAGE!! (PAUSE)
You hit the jelly.
Your tentacles burn!
The jelly misses you.
HP[-5]
You take 5 damage, and now have 28/46 hp.
You hit the jelly but do no damage.
Your tentacles burn!
The jelly hits you.
* * * LOW HITPOINT WARNING * * *
You are splashed with acid!
* * * LOW HITPOINT WARNING * * *
You hit the jelly.
Your tentacles burn!
* * * LOW HITPOINT WARNING * * *
You squeeze the jelly. The jelly hits you.
* * * LOW HITPOINT WARNING * * *
The acid corrodes you!
You are splashed with acid!
You die...

Skill      XL: |  1  2  3  4  5  6  7  8 |
---------------+-------------------------+-----
Earth Magic    | 4 5 6 7 |  7.0
Spellcasting   | 3 4 5 |  5.1
Transmutations | 2 3 4 |  4.0
Dodging        | |  2.0
Stealth        | |  2.6

Action                   |  1- 3 |  4- 6 |  7- 9 || total
-------------------------+-------+-------+-------++-------
Melee: Short sword       |    36 |     2 |       ||    38
       Constrict         |     7 |    11 |     1 ||    19
       Tentacles         |     6 |    11 |     3 ||    20
       Whip              |       |    39 |     8 ||    47
 Cast: Sandblast         |    16 |    22 |    25 ||    63
       Stone Arrow       |       |     5 |     9 ||    14
Evoke: Wand              |       |     4 |       ||     4
 Stab: Sleeping          |     5 |     6 |     2 ||    13
Armor: Skin              |     1 |     4 |       ||     5
Dodge: Dodged            |    23 |    52 |    11 ||    86

Levels and vault maps discovered:
D:1:      dpeg_arrival_yet_another_circle, layout_basic, serial_rivers,
          chequers_serial_rivers_small_b, chequers_serial_rivers_large_b,
          chequers_serial_rivers_micro_b, chequers_serial_rivers_room_b,
          chequers_serial_rivers_micro_c, chequers_serial_rivers_large_a,
          chequers_ecumenical_altar_lobes
D:2:      layout_rooms, serial_shops, shop
D:3:      layout_basic, minmay_fractal_squares_diagonal_5
D:4:      layout_rooms, nicolae_ru_awakened_eye, mainiacjoe_overflow_boulevard
D:5:      layout_loops_ring, minmay_temple_entry_tees
Temple:   jpeg_temple_island

Notes
Turn   | Place    | Note
-------+----------+-------------------------------------------
     0 | D:1      | zeratav the Octopode Earth Elementalist began the quest for
                  | the Orb.
     0 | D:1      | Reached XP level 1. HP: 11/11 MP: 3/3
     0 | D:1      | magus.rc [v1.9.6]
   131 | D:1      | Reached XP level 2. HP: 16/17 MP: 1/5
   651 | D:1      | Found a faded altar of an unknown god.
   846 | D:1      | Reached XP level 3. HP: 21/21 MP: 6/6
  1052 | D:1      | You pick up a book of Necromancy and begin reading...
  1052 | D:1      | You add the spells Pain, Animate Skeleton and Vampiric
                  | Draining to your library.
  1396 | D:2      | Found Biewk's Jewellery Boutique.
  1586 | D:2      | Reached skill level 4 in Earth Magic
  1593 | D:2      | Reached XP level 4. HP: 27/27 MP: 2/8
  1670 | D:2      | Noticed a scorpion
  1675 | D:2      | Killed a scorpion
  1676 | D:2      | Reached skill level 3 in Spellcasting
  1676 | D:2      | Reached skill level 5 in Earth Magic
  1676 | D:2      | Reached XP level 5. HP: 31/31 MP: 5/9
  1843 | D:2      | You add the spells Excruciating Wounds and Death's Door to
                  | your library.
  1843 | D:2      | Got Ubiodel's Tome of Evil Arts
  2787 | D:4      | Learned a level 3 spell: Stone Arrow
  2813 | D:4      | Reached XP level 6. HP: 36/36 MP: 3/11
  2881 | D:4      | You pick up a book of the Tundra and begin reading...
  2881 | D:4      | You add the spells Hailstorm, Ice Form and Simulacrum to
                  | your library.
  2905 | D:4      | Noticed an ice beast
  2913 | D:4      | HP: 5/36 [kobold/bolt (6)]
  2926 | D:4      | HP: 6/36 [kobold/stone (1)]
  2942 | D:4      | HP: 2/36 [kobold/bolt (6)]
  3315 | D:4      | Found an ancient bone altar of Kikubaaqudgha.
  3365 | D:4      | Reached skill level 6 in Earth Magic
  3453 | D:4      | Killed an ice beast
  3454 | D:4      | Reached skill level 4 in Spellcasting
  3454 | D:4      | Reached skill level 2 in Transmutations
  3454 | D:4      | Reached XP level 7. HP: 32/41 MP: 2/13
  3678 | D:4      | Found a sacrificial altar of Ru.
  3947 | D:5      | Entered Level 5 of the Dungeon
  4047 | D:5      | Found a staircase to the Ecumenical Temple.
  4056 | Temple   | Entered the Ecumenical Temple
  4432 | D:5      | Reached skill level 3 in Transmutations
  4432 | D:5      | Reached skill level 7 in Earth Magic
  4496 | D:5      | HP: 10/40 [poisoned by a wight]
  4501 | D:5      | HP: 6/41 [poisoned by a wight]
  4645 | D:5      | Reached XP level 8. HP: 27/46 MP: 5/15
  4773 | D:5      | Reached skill level 5 in Spellcasting
  4903 | D:5      | Reached skill level 4 in Transmutations
  4943 | D:5      | Noticed a vampire
  5164 | D:5      | HP: 11/46 [acid (5)]
  5164 | D:5      | Splashed by a jelly's acid

Vanquished Creatures
  2 ice beasts
  A kobold brigand (D:4)
  A bullfrog (D:4)
  3 scorpions
  3 wights (D:5)
  5 hounds
  An iguana (D:5)
  An adder (D:5)
  8 gnolls
  2 worms (D:2)
  2 dart slugs (D:1)
  An orc (D:3)
  8 bats
  An endoplasm (D:1)
  3 giant cockroaches
  6 goblins
  6 hobgoblins
  2 quokkas
  2 ball pythons (D:3)
  3 frilled lizards
  13 kobolds
  6 rats
80 creatures vanquished.

Table legend:
 A = Non-vault XP
 B = Vault XP
 C = Vault XP percentage of total XP
 D = Non-vault monster count
 E = Vault monster count
 F = Vault count percentage of total count
                 A         B        C        D         E       F
            +---------+---------+-------+---------+---------+-------
      Total |    1377 |       9 |   0.6 |      74 |       6 |   7.5
            +---------+---------+-------+---------+---------+-------
        D:1 |      39 |       0 |   0.0 |      23 |       0 |   0.0
        D:2 |     169 |       0 |   0.0 |      18 |       0 |   0.0
        D:3 |      14 |       9 |  39.1 |       9 |       6 |  40.0
        D:4 |     642 |       0 |   0.0 |      15 |       0 |   0.0
        D:5 |     513 |       0 |   0.0 |       9 |       0 |   0.0
            +---------+---------+-------+---------+---------+-------

Illustrated notes

Table legend:
 A = Kills in this place as a percentage of kills in entire the game.
 B = Kills by you in this place as a percentage of kills by you in the entire game.
 C = Kills by friends in this place as a percentage of kills by friends in the entire game.
 D = Other kills in this place as a percentage of other kills in the entire game.
 E = Experience gained in this place as a percentage of experience gained in the entire game.
 F = Experience gained in this place divided by the number of levels of this place that you have seen.
                   A       B       C       D       E      F
               +-------+-------+-------+-------+-------+----------------------
         Total | 100.0 | 100.0 |   N/A |   N/A | 100.0 | 231.0
       Dungeon | 100.0 | 100.0 |   N/A |   N/A | 100.0 | 277.2
               +-------+-------+-------+-------+-------+----------------------

Table legend: (Time is in decaauts)
 A = Elapsed time spent in this place.
 B = Non-inter-level travel time spent in this place.
 C = Inter-level travel time spent in this place.
 D = Time resting spent in this place.
 E = Time spent auto-exploring this place.
 F = Levels seen in this place.
 G = Mean time per level.
                   A        B        C        D        E       F      G
               +--------+--------+--------+--------+--------+-----+--------+
         Total |   5170 |   4954 |    216 |    428 |   3759 |   6 |  861.7 |
       Dungeon |   4797 |   4611 |    186 |    428 |   3421 |   5 |  959.4 |
        Temple |    372 |    342 |     30 |      0 |    338 |   1 |  372.0 |
               +--------+--------+--------+--------+--------+-----+--------+

Top non-repeatable levels by time:
     D:1: 1292 daAuts
     D:3: 1075 daAuts
     D:5: 845 daAuts
     D:4: 795 daAuts
     D:2: 789 daAuts
  Temple: 372 daAuts
